 Dungeon Sprint DCSS version 0.29.1-2-gbd0b4ee654 (webtiles) character file.

Game seed: 4614664638746233759

12753 Zeld the Sorcerer (level 11, -7/54 HPs)
             Began as a Deep Elf Conjurer on Nov 2, 2022.
             Was a High Priest of Sif Muna.
             Mangled by an elephant (21 damage)
             ... summoned by a spriggan berserker
             ... in the Dungeon (Sprint IV: "Fedhas' Mad Dash").
             The game lasted 00:12:08 (6888 turns).

Zeld the Sorcerer (Deep Elf Conjurer)               Turns: 6888, Time: 00:12:09

Health: -7/54      AC:  0    Str:  4    XL:     11   Next: 66%
Magic:  20/38      EV: 18    Int: 28    God:    Sif Muna [*****.]
Gold:   10         SH:  0    Dex: 13    Spells: 34/52 levels left

rFire   . . .      SeeInvis .   (no weapon)
rCold   . . .      Faith    .   (no shield)
rNeg    . . .      Spirit   .   a - +0 robe
rPois   .          Reflect  .   p - +0 helmet
rElec   .          Harm     .   l - +0 cloak
rCorr   .          Rampage  .   (no gloves)
Will    +....      NoTele   +   (no boots)
Stlth   ++++++....              g - amulet of invisibility {+Inv}
HPRegen 0.18/turn               (no ring)
MPRegen 0.26/turn               (no ring)

@: corroded, very slightly contaminated
A: no striking features
a: Renounce Religion, Evoke Invisibility, Channel Magic, Forget Spell, Divine
Exegesis


You were in the Dungeon.
You worshipped Sif Muna.
Sif Muna was extremely pleased with you.
You visited 1 branch You collected 297 gold pieces.
You spent 287 gold pieces at shops.

Inventory:

Armour
 a - a +0 robe (worn)
 l - a +0 cloak (worn)
 p - a +0 helmet (worn)
Jewellery
 g - the amulet of invisibility (around neck) {+Inv}
   (You found it in the Dungeon)

   [amulet of nothing]

   +Inv:      It lets you turn invisible.
Scrolls
 i - a scroll of magic mapping {unknown}
 j - 4 scrolls of identify
 k - a scroll of fear {unknown}
 m - a scroll of vulnerability {unknown}
 o - a scroll of acquirement {unknown}
Potions
 b - 3 potions of magic
 c - a potion of curing
 d - 2 potions of heal wounds
 e - a potion of haste
 f - a potion of berserk rage
 h - a potion of mutation {unknown}
 n - a potion of brilliance {unknown}


   Skills:
 + Level 14.2 Dodging
 + Level 15.2 Stealth
 * Level 21.0 Spellcasting
 * Level 18.3 Conjurations
 * Level 9.3 Invocations


You had 34 spell levels left.
You knew the following spells:

 Your Spells              Type           Power      Damage    Failure   Level
a - Magic Dart            Conj           100%       1d8       0%          1
b - Searing Ray           Conj           100%       2d8       0%          2
c - Fulminant Prism       Conj/Hex       34%        3d16      1%          4
d - Iskenderun's Mystic   Conj/Tloc      69%        2d14      1%          4
p - Orb of Destruction    Conj           46%        9d12      1%          7

Your spell library contained the following spells:

 Spells                   Type           Power      Damage    Failure   Level
 Beastly Appendage        Tmut           58%        N/A       1%          1
 Shock                    Conj/Air       100%       1d9       1%          1
 Wereblood                Tmut           29%        N/A       1%          2
 Conjure Flame            Conj/Fire      69%        6-21      1%          3
 Dazzling Flash           Conj/Hex       100%       N/A       1%          3
 Stone Arrow              Conj/Erth      100%       3d13      1%          3
 Flame Wave               Conj/Fire      69%        2d16      1%          4
 Irradiate                Conj/Tmut      34%        3d23      1%          5
 Iskenderun's Battlesphe  Conj           93%        2d14      1%          5
 Ozocubu's Armour         Ice            29%        N/A       3%          3
 Spider Form              Tmut/Pois      29%        N/A       3%          3
 Freezing Cloud           Conj/Ice/Air   29%        6-21      3%          5
 Conjure Ball Lightning   Conj/Air       34%        3x3d11    4%          6
 Starburst                Conj/Fire      34%        6d10      4%          6
 Dispel Undead            Necr           29%        3d13      13%         4
 Metabolic Englaciation   Hex/Ice        14%        N/A       34%         5
 Simulacrum               Ice/Necr       14%        N/A       89%         6
 Lehudib's Crystal Spear  Conj/Erth      34%        10d9      89%         8
 Necromutation            Tmut/Necr      14%        N/A       100%        8
 Chain Lightning          Conj/Air       34%        3d46      100%        9


Dungeon Overview and Level Annotations

Branches:
Dungeon (1/1)

Altars:
Cheibriados
Dithmenos
Elyvilon
Gozag
Hepliaklqana
Kikubaaqudgha
Makhleb
Nemelex Xobeh
Okawaru
Qazlal
Ru
Sif Muna
Trog
Uskayaw
Vehumet
Wu Jian
Xom
Yredelemnul
Zin
The Shining One
Jiyva
Lugonu

Shops:
D ((([*(:[!?(***

Annotations:
D exclusion: 3 oklob plants


Message History

Your fulminant prism crackles loudly.
The spriggan berserker mumbles some strange prayers to Trog.
The elephant goes berserk!
Your fulminant prism explodes!
The blast of energy engulfs the oklob plant!!
The oklob plant is severely damaged.
The blast of energy engulfs the oklob plant!
The oklob plant is almost destroyed.
Unknown command.
Casting: Fulminant Prism (safe; 1% risk of failure)
Confirm with . or Enter, or press ? or * to list all spells.
You erupt in a blast of force!
The mystic blast hits the elephant but does no damage.
The mystic blast hits the spriggan berserker.
The spriggan berserker is heavily wounded.
The spriggan berserker is knocked back by the mystic blast.
The elephant barely misses you. x2
Unknown command.
Casting: Iskenderun's Mystic Blast (safe; 1% risk of failure)
Confirm with . or Enter, or press ? or * to list all spells.
You erupt in a blast of force!
The mystic blast hits the elephant.
The elephant is lightly wounded.
The elephant is knocked back by the mystic blast.
The elephant slams into the stone wall!
The elephant is lightly wounded.
You flicker back into view.
The elephant barely misses you. The elephant closely misses you.
The oklob plant spits acid at you. The splash of acid hits you!!
The acid corrodes you! The elephant tramples you!
* * * LOW HITPOINT WARNING * * *
You stumble backwards!
Unknown command.
Okay, then.
Casting: Iskenderun's Mystic Blast (safe; 1% risk of failure)
Confirm with . or Enter, or press ? or * to list all spells.
You erupt in a blast of force!
The mystic blast hits the elephant!
The elephant is lightly wounded.
The elephant tramples you!!
You die...

....P.#####...♣.[....♣...♣###
....P..........♣.....∩.∩...|#
....P...#####################
######### ###..# #....+
#....# ##....#
################
#.....#####∩∩∩#.@..i...P.P
......'.)..∩.∩'..Y........
......#####∩∩∩#.........P.
####### ################


You could see an elephant (summoned, berserk), an oklob plant and a spriggan
berserker (regenerating, strong-willed).

Vanquished Creatures
  Agnes (D)
  A spriggan defender (D)
  2 spriggan berserkers (D)
  3 spriggan druids (D)
  13 oklob plants (D)
  A demonic crawler (D)
  3 wandering mushrooms (D)
  3 burning bushes (D)
  A queen bee (D)
  4 hornets (D)
  3 scorpions (D)
  5 oklob saplings (D)
  4 killer bees (D)
  4 spriggans (D)
  A river rat (D)
  A rat (D)
  A ballistomycete spore (D)
51 creatures vanquished.

Vanquished Creatures (others)
  60 fulminant prisms (D)
  2 fungi (D)
62 creatures vanquished.

Grand Total: 113 creatures vanquished

Notes
Turn   | Place    | Note
-------+----------+-------------------------------------------
     0 | D        | Zeld the Deep Elf Conjurer began the quest for the Orb.
     0 | D        | Reached XP level 1. HP: 10/10 MP: 6/6
   262 | D        | Reached skill level 4 in Spellcasting
   262 | D        | Reached skill level 5 in Conjurations
   262 | D        | Reached XP level 2. HP: 15/15 MP: 0/9
   265 | D        | Learned a level 2 spell: Searing Ray
   423 | D        | Noticed a scorpion
   423 | D        | Found the amulet of invisibility {+Inv}
   429 | D        | Killed a scorpion
   430 | D        | Reached skill level 6 in Spellcasting
   430 | D        | Reached XP level 3. HP: 7/19 MP: 2/13
   740 | D        | Found an opulent altar of Gozag.
   740 | D        | Found a hazy altar of Hepliaklqana.
   740 | D        | Found a burning altar of Makhleb.
   740 | D        | Found a sparkling altar of Nemelex Xobeh.
   740 | D        | Found a snail-covered altar of Cheibriados.
   740 | D        | Found a sacrificial altar of Ru.
   740 | D        | Found a shimmering blue altar of Sif Muna.
   740 | D        | Found a shimmering altar of Xom.
   740 | D        | Found a basalt altar of Yredelemnul.
   741 | D        | Found a viscous altar of Jiyva.
   741 | D        | Found a bloodstained altar of Trog.
   741 | D        | Found an ornate altar of the Wu Jian Council.
   741 | D        | Noticed an oklob sapling priest
   742 | D        | Found an iron altar of Okawaru.
   742 | D        | Found a shadowy altar of Dithmenos.
   742 | D        | Found a glowing silver altar of Zin.
   743 | D        | Found an ancient bone altar of Kikubaaqudgha.
   743 | D        | Found a hide-covered altar of Uskayaw.
   744 | D        | Found a stormy altar of Qazlal.
   744 | D        | Found a glowing golden altar of the Shining One.
   744 | D        | Found a white marble altar of Elyvilon.
   745 | D        | Found a radiant altar of Vehumet.
   745 | D        | Found a corrupted altar of Lugonu.
   747 | D        | Became a worshipper of Sif Muna the Loreminder
   755 | D        | Killed an oklob sapling priest
   756 | D        | Reached skill level 5 in Dodging
   756 | D        | Reached skill level 5 in Stealth
   756 | D        | Reached skill level 7 in Spellcasting
   756 | D        | Reached XP level 4. HP: 24/24 MP: 4/15
   762 | D        | Learned a level 4 spell: Fulminant Prism
   767 | D        | Learned a level 4 spell: Iskenderun's Mystic Blast
  1049 | D        | Reached skill level 8 in Spellcasting
  1049 | D        | Reached XP level 5. HP: 28/28 MP: 10/18
  1218 | D        | Reached * piety under Sif Muna
  1219 | D        | Reached skill level 9 in Spellcasting
  1463 | D        | Found Keirhon's Magic Scroll Shop.
  1463 | D        | Found Luggek's Distillery.
  1466 | D        | Bought a scroll of identify for 24 gold pieces
  1466 | D        | Bought a scroll of identify for 24 gold pieces
  1670 | D        | Noticed a burning bush
  1670 | D        | Noticed a wandering mushroom
  1674 | D        | Reached skill level 10 in Spellcasting
  1674 | D        | Reached XP level 6. HP: 32/32 MP: 16/21
  1674 | D        | Noticed a wandering mushroom
  1684 | D        | Killed a wandering mushroom
  1684 | D        | Reached ** piety under Sif Muna
  1685 | D        | Reached skill level 11 in Spellcasting
  1685 | D        | Reached skill level 10 in Conjurations
  1685 | D        | Reached XP level 7. HP: 25/36 MP: 6/24
  1688 | D        | Killed a wandering mushroom
  1689 | D        | Reached skill level 12 in Spellcasting
  2102 | D        | Killed a burning bush
  2103 | D        | Reached skill level 13 in Spellcasting
  2352 | D        | Found Lasmixy's General Store.
  2352 | D        | Found Qeezy's Assorted Antiques.
  2534 | D        | Reached XP level 8. HP: 41/41 MP: 21/27
  2674 | D        | Noticed a queen bee
  2682 | D        | Reached *** piety under Sif Muna
  2824 | D        | Killed a queen bee
  2824 | D        | Reached **** piety under Sif Muna
  2825 | D        | Reached skill level 10 in Stealth
  2825 | D        | Reached skill level 14 in Spellcasting
  2971 | D        | Noticed an oklob plant
  2986 | D        | Killed an oklob plant
  2987 | D        | Reached skill level 10 in Dodging
  2987 | D        | Reached skill level 15 in Spellcasting
  3192 | D        | Noticed a burning bush
  3199 | D        | Killed a burning bush
  3200 | D        | Reached XP level 9. HP: 45/45 MP: 21/30
  3253 | D        | Noticed a burning bush
  3253 | D        | Noticed an oklob plant
  3261 | D        | Noticed a wandering mushroom
  3268 | D        | Killed a wandering mushroom
  3268 | D        | Killed a burning bush
  3269 | D        | Reached skill level 16 in Spellcasting
  3482 | D        | Reached ***** piety under Sif Muna
  3482 | D        | Received a gift from Sif Muna
  3868 | D        | Killed an oklob plant
  3871 | D        | Got Sif Muna's Almanac of Confrontation and the Lungs {god
                  | gift}
  3880 | D        | Learned a level 7 spell: Orb of Destruction
  3990 | D        | Noticed a spriggan druid
  3993 | D        | Killed a spriggan druid
  3994 | D        | Reached skill level 17 in Spellcasting
  4511 | D        | Noticed an oklob plant conjurer
  4515 | D        | Killed an oklob plant conjurer
  4516 | D        | Reached skill level 15 in Conjurations
  4738 | D        | Noticed Agnes
  4743 | D        | Noticed a spriggan berserker
  4747 | D        | Killed Agnes
  4747 | D        | Killed a spriggan berserker
  4747 | D        | Noticed a spriggan defender
  4748 | D        | Reached skill level 18 in Spellcasting
  4748 | D        | Reached XP level 10. HP: 50/50 MP: 5/34
  4755 | D        | Killed a spriggan defender
  4965 | D        | Found Myocwal's Weapon Emporium.
  4967 | D        | Found Veoxelli's General Store.
  4975 | D        | Bought a scroll of identify for 28 gold pieces
  4975 | D        | Bought a scroll of identify for 28 gold pieces
  4975 | D        | Bought a +0 helmet for 63 gold pieces
  4994 | D        | Noticed a spriggan rider
  5376 | D        | Noticed an oklob plant shifter
  5376 | D        | Noticed an oklob plant meteorologist
  5385 | D        | Reached skill level 19 in Spellcasting
  5551 | D        | Killed an oklob plant shifter
  5557 | D        | Noticed a spriggan rider
  5557 | D        | Killed an oklob plant meteorologist
  5557 | D        | Received a gift from Sif Muna
  5568 | D        | Reached skill level 5 in Invocations
  5573 | D        | Reached XP level 11. HP: 36/54 MP: 3/36
  5928 | D        | Noticed a spriggan berserker
  5935 | D        | Noticed a death yak
  5938 | D        | Killed a spriggan berserker
  5938 | D        | Received a gift from Sif Muna
  6028 | D        | Got Buhoryxt's Compilation of Darkness and Conflagration
                  | {god gift}
  6323 | D        | Noticed a spriggan druid
  6325 | D        | Found Ugied's Weapon Shoppe.
  6325 | D        | Found Xanimpod's Antique Weapon Boutique.
  6325 | D        | Found Ofer's Weapon Shop.
  6327 | D        | Found Jiruuk Dedopp's Assorted Antiques.
  6327 | D        | Found Tiovun's Armour Shoppe.
  6329 | D        | Found Xofybadia's Book Emporium.
  6329 | D        | Found Zotop's Antique Armour Shop.
  6329 | D        | Found Kily's Antique Weapon Boutique.
  6330 | D        | Killed a spriggan druid
  6331 | D        | Reached skill level 20 in Spellcasting
  6567 | D        | Noticed an oklob plant
  6568 | D        | Noticed an oklob plant
  6569 | D        | Noticed an oklob plant
  6570 | D        | Noticed an oklob plant
  6571 | D        | Noticed an oklob plant
  6572 | D        | Noticed an oklob plant
  6574 | D        | Noticed an oklob plant
  6639 | D        | Noticed a spriggan druid
  6643 | D        | Killed a spriggan druid
  6644 | D        | Killed an oklob plant
  6729 | D        | Killed an oklob plant
  6733 | D        | Killed an oklob plant
  6783 | D        | Killed an oklob plant
  6783 | D        | Killed an oklob plant
  6784 | D        | Reached skill level 15 in Stealth
  6800 | D        | Bought a potion of heal wounds for 120 gold pieces
  6813 | D        | Noticed an oklob plant
  6814 | D        | Noticed an oklob plant
  6820 | D        | Killed an oklob plant
  6820 | D        | Received a gift from Sif Muna
  6820 | D        | Killed an oklob plant
  6823 | D        | Killed an oklob plant
  6824 | D        | Reached skill level 21 in Spellcasting
  6876 | D        | Got Sif Muna's Spellbook of Damage Dealing {god gift}
  6877 | D        | Noticed an oklob plant
  6878 | D        | Noticed an oklob plant
  6879 | D        | Noticed a spriggan berserker
  6888 | D        | Mangled by an elephant

Illustrated notes

Levels and vault maps discovered:
D:        dungeon_sprint_fedhas [sprint_temple]

Skill      XL: |  1  2  3  4  5  6  7  8  9 10 11 |
---------------+----------------------------------+-----
Dodging        | 3 4 5 6 7 9 10 12 13 14 | 14.2
Stealth        | 3 4 5 7 8 9 11 13 14 15 | 15.2
Spellcasting   | 4 6 7 8 10 11 13 15 18 19 21 | 21.0
Conjurations   | 5 6 7 9 10 11 13 16 17 18 | 18.3
Invocations    | 5 9 |  9.3

Action                   |  1- 3 |  4- 6 |  7- 9 | 10-12 || total
-------------------------+-------+-------+-------+-------++-------
 Cast: Magic Dart        |    10 |       |       |       ||    10
       Searing Ray       |     4 |     3 |    10 |       ||    17
       Fulminant Prism   |       |     3 |    31 |    26 ||    60
       Iskenderun's Myst |       |       |    11 |    31 ||    42
       Orb of Destructio |       |       |     2 |     1 ||     3
Invok: Channel Magic     |       |       |       |     3 ||     3
 Abil: Evoke Invisibilit |     1 |     2 |     9 |     8 ||    20
  Use: Scroll            |     1 |       |       |       ||     1
Armor: Robe              |     1 |       |       |     1 ||     2
Dodge: Dodged            |     1 |     4 |     4 |     9 ||    18
